 Dungeon Crawl Stone Soup version 0.31.0-1-g2c135a008e (webtiles) character file.

Game seed: 7277849722092370217

80 qw the Shooter (level 4, 0/35 HPs)
             Began as a Djinni Hunter on Jan 23, 2024.
             Slain by an orc wizard
             ... wielding a +1 dagger of speed
              (4 damage)
             ... on level 3 of the Dungeon.
             The game lasted 00:00:06 (1919 turns).

qw the Shooter (Djinni Hunter)                      Turns: 1919, Time: 00:00:07

Health: 0/35       AC:  5    Str: 10    XL:     4   Next: 65%
Gold:   123        EV: 12    Int: 10    God:
                   SH:  0    Dex: 17

rFire   + + +        b - +0 orcbow
rCold   x . .        (shield currently unavailable)
rNeg    . . .        c - +0 leather armour
rPois   inf          j - +0 helmet
rElec   .            f - +0 cloak
rCorr   .            (no gloves)
SInv    .            (boots unavailable)
Will    .....        (no amulet)
Stlth   ++           (no ring)
HPRegen 0.25/turn    (no ring)
MPRegen 0.00/turn

%: infuse magic (-1 HP)
@: flying
A: sickness immunity, fire resistance 3, cold vulnerability 1, float, innate
caster, HP casting, extra vitality 1, clumsy 1
a: no special abilities


You were on level 3 of the Dungeon.
You visited 1 branch of the dungeon, and saw 3 of its levels.

You collected 123 gold pieces.


Innate Abilities, Weirdness & Mutations

You are immune to sickness and miasma.
You are immune to poison.
Your flesh is almost immune to the effects of heat. (rF+++)
You are vulnerable to cold. (rC-)
You float through the air rather than walking.
You learn spells naturally, not from books.
Your magical power is your life essence.
You have superior vitality. (+4 MHP)
You are clumsy. (Dex -2)


   Skills:
 - Level 3.0 Fighting
 - Level 4.0 Ranged Weapons
 - Level 1.2 Armour
 + Level 2.5 Dodging
 - Level 0.7 Stealth


You knew the following spells:

 Your Spells              Type           Power      Damage    Failure   Level
a - Foxfire               Conj/Fire      0%         2x1d4     45%         1
Your spell library was empty.

Inventory:

Hand Weapons
 b - a +0 orcbow (weapon)
Armour
 c - a +0 leather armour (worn)
 f - a +0 cloak (worn)
 j - a +0 helmet (worn)
Potions
 e - a potion of curing
 g - a potion of resistance {unknown}
 h - a potion of invisibility {unknown}
 i - a potion of brilliance {unknown}
 l - a potion of degeneration {unknown}

Dungeon Overview and Level Annotations

Branches:
Dungeon (3/15)

Altars:


Message History

You kill the orc!
Something hits you but does no damage. x2
You shoot an arrow. Something hits you. Something hits you but does no damage.
Something hits you.
You shoot an arrow. Something hits you. x2
You shoot an arrow. Something barely misses you.
You shoot an arrow. Something hits you. x2
You shoot an arrow.
You hear some strange, mumbled words.
Something tries to affect you, but you resist.
Something hits you but does no damage.
A ball python comes into view.
You shoot an arrow.
The arrow barely misses the ball python.
The ball python hisses angrily.
You hear some strange, mumbled words.
A magic dart appears from out of thin air!
The magic dart hits you.
You shoot an arrow.
The arrow barely misses the ball python.
Something hits you but does no damage. Something hits you.
You shoot an arrow.
The arrow closely misses the ball python.
Something barely misses you.
You hear some strange, mumbled words.
A puff of flame appears from out of thin air!
The puff of flame hits you. You resist.
You shoot an arrow. The arrow hits the ball python.
You kill the ball python!
Something hits you. x2
You shoot an arrow.
You hear some strange, mumbled words.
A magic dart appears from out of thin air!
The magic dart hits you.
You shoot an arrow. Something hits you. x2
You die...

##+###########
#...#..|.....#
#...#........#
#...#........#
#.^.#........#
#...#........# .####
#...#.......@#'#.....
#<..........{)..)...o
####......%..........
#.................
#%..>.............
#.................
#.......).........
......######........
.....### #[....)?.


There were no monsters in sight!

Vanquished Creatures
  An adder (D:2)
  A dart slug (D:1)
  A ribbon worm (D:2)
  4 orcs (D:3)
  6 ball pythons
  6 endoplasms
  2 giant cockroaches
  3 goblins
  7 hobgoblins
  8 jackals (D:1)
  A kobold (D:2)
  A quokka (D:1)
  4 bats
  5 frilled lizards
  4 rats
54 creatures vanquished.

Notes
Turn   | Place    | Note
-------+----------+-------------------------------------------
     0 | D:1      | qw the Djinni Hunter began the quest for the Orb.
     0 | D:1      | Reached XP level 1. HP: 18/18 MP: 0/0
     0 | D:1      | 0 ||| qw: Version: 0.3-a-134-g2ba4250
     0 | D:1      | 0 ||| qw: Game counter: 757
     0 | D:1      | 0 ||| qw: Melee chars always use a shield: true
     0 | D:1      | 0 ||| qw: God list: Okawaru
     0 | D:1      | 0 ||| qw: Allow faded altars: false
     0 | D:1      | 0 ||| qw: Do Orc after clearing Dungeon:15 true
     0 | D:1      | 0 ||| qw: Do second Lair branch before Depths: true
     0 | D:1      | 0 ||| qw: Lair rune preference: random
     0 | D:1      | 0 ||| qw: Goals: Normal
     0 | D:1      | 0 ||| PLANNING D:1-11
    78 | D:1      | Reached XP level 2. HP: 23/23 MP: 0/0
   290 | D:1      | Reached skill level 4 in Ranged Weapons
   290 | D:1      | Reached XP level 3. HP: 28/28 MP: 0/0
   290 | D:1      | Learned a level 1 spell: Foxfire
   699 | D:1      | Found a faded altar of an unknown god.
   700 | D:1      | 700 ||| UPGRADING to +0 cloak.
   705 | D:1      | 705 ||| UPGRADING to +0 helmet.
   710 | D:1      | 710 ||| READING scroll labelled LYZUAZ WO GIKI.
   714 | D:1      | 714 ||| READING scroll labelled PIDAIS ITIVESK.
   714 | D:1      | 714 ||| IDENTIFYING viscous amethyst potion
   715 | D:1      | 715 ||| DRINKING potion of mutation.
   715 | D:1      | Gained mutation: Your flesh is almost immune to the effects
                  | of heat. (rF+++) [potion of mutation]
   715 | D:1      | Gained mutation: You are clumsy. (Dex -2) [potion of
                  | mutation]
   716 | D:1      | 716 ||| DROPPING scroll of butterflies.
  1047 | D:2      | Reached XP level 4. HP: 34/34 MP: 0/0
  1097 | D:2      | Reached skill level 3 in Fighting
  1193 | D:2      | Reached skill level 1 in Armour
  1443 | D:2      | Found the +13 scythe of Curses {drain, curses, ^Drain}
  1855 | D:2      | 1855 ||| READING scroll of identify.
  1855 | D:2      | 1855 ||| IDENTIFYING sedimented blue potion
  1856 | D:2      | 1856 ||| READING scroll labelled YNNOACZO DURCHASUM.
  1856 | D:2      | 1856 ||| ENCHANTING +0 shortbow.
  1857 | D:2      | 1857 ||| READING scroll labelled QIMIFU SAGREE.
  1858 | D:2      | 1858 ||| READING scroll labelled BIADEU PONUNORCH.
  1877 | D:3      | 1877 ||| SWAPPING to +0 orcbow.
  1878 | D:3      | 1878 ||| DROPPING +1 shortbow.
  1899 | D:3      | 1899 ||| RETREEEEATING.
  1918 | D:3      | HP: 7/35 [something/magic dart (2)]
  1919 | D:3      | Slain by an orc wizard

Levels and vault maps discovered:
D:1:      zelgadis_glass_arrival_small, layout_loops_ring,
          nicolae_ecumenical_lake_church
D:2:      layout_basic, lemuel_flame_loot_1
D:3:      layout_basic, uniq_crazy_yiuf_cottage

Skill      XL: |  1  2  3  4 |
---------------+-------------+-----
Ranged Weapons | 4 |  4.0
Fighting       | 3 |  3.0
Armour         | 1 |  1.2
Dodging        | |  2.5
Stealth        | |  0.7

Action                     |  1- 3 |  4- 6 || total
---------------------------+-------+-------++-------
   Fire: Shortbow          |    96 |    19 ||   115
         Orcbow            |       |    22 ||    22
    Use: Scroll            |     2 |     4 ||     6
         Potion            |     1 |       ||     1
 Armour: Leather armour    |    23 |    21 ||    44
  Dodge: Dodged            |    32 |     7 ||    39

Table legend:
 A = Non-vault XP
 B = Vault XP
 C = Vault XP percentage of total XP
 D = Non-vault monster count
 E = Vault monster count
 F = Vault count percentage of total count
                 A         B        C        D         E       F
            +---------+---------+-------+---------+---------+-------
      Total |     115 |       0 |   0.0 |      54 |       0 |   0.0
            +---------+---------+-------+---------+---------+-------
        D:1 |      54 |       0 |   0.0 |      30 |       0 |   0.0
        D:2 |      45 |       0 |   0.0 |      17 |       0 |   0.0
        D:3 |      16 |       0 |   0.0 |       7 |       0 |   0.0
            +---------+---------+-------+---------+---------+-------
